Map: 뉴커크 재개발 지구 - 토너먼트 (공허의 유산)

Players

losira

  • Race: Zerg Zerg
  • Spawn Location: 7:00

jjakji - Winner!

  • Race: Terran Terran
  • Spawn Location: 5:00

Event: IEM XI Katowice - World Championship 2017

VOD

Have the link to the VOD?

Description

Time

  • Played on: Feb. 28, 2017, 5:08 a.m.
  • Length: 8:02

All games in this series

Show
View Real Time Build Order
Export as new Build Order

losira Zerg 

Build Orders: Hatch First 

Get SALT Encoding   

  12  0:00  Drone  
  13  0:10  Drone  
  14  0:15  Extractor, Drone  
  15  0:23  Overlord  
  15  0:45  Hatchery  
  15  0:48  Drone  
  15  0:52  Drone  
  15  0:56  Drone  
  17  1:00  Drone  
  18  1:06  Extractor  
  17  1:15  Spawning Pool  
  16  1:19  Drone  
  16  1:22  Drone  
  18  1:34  Drone  
  19  1:44  Drone  
  20  1:54  Drone  
  20  1:57  Drone  
  22  2:02  Queen x2  
  22  2:07  Metabolic Boost  
  26  2:09  Zergling x2  
  26  2:10  Zergling x2  
  28  2:21  Overlord  
  28  2:23  Overlord  
  27  2:38  Drone  
  27  2:39  Queen  
  27  2:41  Drone  
  27  2:42  Drone  
  32  2:48  Drone x2  
  34  2:53  Pneumatized Carapace  
  34  2:56  Drone  
  34  2:58  Drone  
  36  3:02  Drone  
  37  3:08  Overlord  
  37  3:11  Drone  
  37  3:12  Drone x3  
  41  3:13  Drone  
  41  3:15  Zergling x2  
  43  3:21  Drone  
  44  3:27  Drone  
  44  3:28  Drone  
  46  3:36  Hatchery  
  46  3:37  Zergling x2  
  46  3:38  Zergling x2  
  47  3:44  Drone  
  47  3:45  Extractor, Drone  
  47  3:46  Drone  
  47  3:47  Drone x2  
  51  3:54  Evolution Chamber  
  50  3:56  Baneling Nest  
  50  3:57  Overlord  
  50  4:00  Overlord  
  49  4:15  Zergling x4  
  49  4:16  Zergling x2  
  52  4:28  Queen  
  52  4:30  Drone  
  52  4:31  Drone x5  
  60  4:38  Overlord  
  60  4:45  Overlord  
  59  4:48  Queen  
  59  4:49  Zergling x4  
  59  4:50  Baneling x3  
  63  4:53  Zergling x2  
  63  4:54  Baneling x4  
  63  4:57  Zergling x8  
  68  5:01  Queen  
  68  5:02  Zergling x2  
  68  5:06  Zergling x4  
  73  5:09  Zergling x4  
  73  5:10  Zergling x2  
  74  5:19  Zergling x2  
  68  5:21  Zergling x2  
  68  5:23  Zergling x2  
  68  5:24  Zergling x4  
  68  5:25  Zergling x4  
  68  5:27  Baneling  
  66  5:28  Zergling x4  
  66  5:32  Zergling x2  
  66  5:33  Zergling x2  
  66  5:34  Zergling x2  
  65  5:36  Zergling x2  
  65  5:37  Zergling x2  
  65  5:38  Zergling x2  
  52  5:43  Drone  
  52  5:45  Drone  
  52  5:46  Drone  
  49  5:50  Zergling x2  
  49  5:51  Baneling x4  
  49  5:52  Baneling  
  49  5:55  Zergling x2  
  49  5:56  Zergling x2  
  50  5:58  Zergling x2  
  50  5:59  Zergling x2  
  50  6:02  Drone  
  50  6:03  Drone x3  
  54  6:05  Zergling x2  
  54  6:09  Zergling x2  
  50  6:22  Overlord  
  50  6:23  Zergling x2  
  50  6:24  Zergling x4  
  53  6:27  Zergling x6  
  53  6:28  Zergling x2  
  53  6:32  Zergling x4  
  59  6:33  Zergling x2  
  59  6:37  Zergling x4  
  59  6:39  Zergling x2  
  63  6:42  Zergling x2  
  63  6:43  Baneling x3  
  64  6:47  Zergling x2  
  64  6:49  Zergling x2  
  64  6:53  Zergling x2  
  67  6:55  Zergling x2  
  67  6:56  Zergling x4  
  70  7:06  Baneling  
  70  7:07  Baneling x14  
  70  7:11  Zergling x2, Baneling  
  69  7:16  Zergling x2  
  69  7:17  Baneling  
  69  7:18  Zergling x6  
  69  7:21  Overlord  
  73  7:24  Baneling  
  73  7:26  Baneling  
  68  7:38  Zergling x4  
  68  7:40  Zergling x2  
  68  7:41  Zergling x2  
  68  7:42  Zergling x2  
  68  7:43  Zergling x2  
  62  7:44  Zergling x2  
Show
View Real Time Build Order
Export as new Build Order

jjakji Terran - Winner!

Build Orders: Hellion Opening, Reaper Expand, MMM Bio 

Get SALT Encoding   

  12  0:00  SCV  
  13  0:12  SCV  
  14  0:17  Supply Depot  
  14  0:25  SCV  
  15  0:38  SCV  
  15  0:41  Barracks  
  16  0:44  Refinery  
  16  0:50  SCV  
  17  1:03  SCV  
  18  1:15  SCV  
  19  1:28  Reaper, Orbital Command  
  20  1:41  Command Center  
  21  1:54  Supply Depot, SCV  
  21  2:00  Marine  
  22  2:06  SCV  
  23  2:18  Factory, SCV  
  23  2:22  Barracks Reactor  
  24  2:30  SCV  
  25  2:42  SCV, Command Center  
  26  2:53  Orbital Command  
  26  2:54  SCV  
  27  3:06  SCV  
  27  3:07  Hellion x2, Barracks Tech Lab  
  32  3:18  SCV  
  33  3:20  SCV  
  33  3:26  Stimpack  
  34  3:28  Marine  
  34  3:29  Hellion x2  
  34  3:31  SCV  
  34  3:32  SCV  
  41  3:43  SCV  
  41  3:44  SCV  
  41  3:45  Marine  
  44  3:50  Hellion  
  44  3:54  Hellion  
  44  3:55  Armory, Orbital Command  
  48  3:57  SCV x2  
  50  4:03  Marine  
  50  4:08  Supply Depot, Refinery  
  50  4:09  SCV x2  
  53  4:13  Hellion  
  53  4:16  Hellion  
  57  4:21  Marine, SCV  
  57  4:22  SCV x2  
  60  4:34  SCV x2, Hellion  
  60  4:35  SCV  
  60  4:37  Supply Depot, Hellion  
  67  4:39  Marine  
  67  4:43  Barracks  
  67  4:44  Barracks  
  68  4:48  SCV  
  69  4:58  Marine, Hellion x2  
  74  5:00  Supply Depot, SCV x3  
  74  5:05  Engineering Bay  
  77  5:08  Engineering Bay  
  77  5:09  Hellion x4  
  77  5:19  SCV x2  
  77  5:22  Hellion x2  
  77  5:24  Barracks  
  77  5:25  Supply Depot x2  
  79  5:32  Refinery x2  
  79  5:33  SCV x2  
  79  5:34  Marine  
  82  5:41  SCV  
  81  5:43  Hellion x2  
  81  5:45  SCV  
  78  5:52  Combat Shields, Barracks Reactor  
  78  5:54  Barracks Reactor  
  74  6:03  Marine  
  69  6:14  Barracks Reactor  
  69  6:18  Barracks  
  61  6:21  Marine  
  61  6:25  Starport  
  62  6:28  Hellion  
  62  6:29  Hellion  
  66  6:33  SCV  
  66  6:34  SCV  
  66  6:35  Missile Turret, SCV  
  66  6:38  Marine x4  
  66  6:39  Marine  
  74  6:41  Supply Depot  
  74  6:44  Bunker  
  74  6:47  Supply Depot, SCV x2  
  74  6:48  Missile Turret  
  74  6:50  Marine x2  
  78  6:55  Marine  
  78  6:56  Marine  
  78  6:59  Supply Depot  
  78  7:00  SCV x3  
  83  7:06  Factory Reactor  
  83  7:10  Medivac x2  
  87  7:18  Marine x6  
  87  7:19  Marine x2  
  95  7:27  Supply Depot  
  95  7:28  Orbital Command  
  95  7:29  SCV x2  
  94  7:41  Marine, SCV x2  
  94  7:42  Marine  

Tags
 
Add a new tag
Caveats
  • Supply blocks, unpowered buildings, or Contaminate may cause inaccurate times.
  • Supply counts are checked every 10 seconds.